 Dungeon Crawl Stone Soup version 0.27.1-1-g398f81649c (webtiles) character file.

Game seed: 17008914226816439552

71 Borgoz the Skirmisher (level 4, 0/41 HPs)
             Began as a Minotaur Berserker on Sept 20, 2021.
             Was a Believer of Trog.
             Slain by an ogre (12 damage)
             ... on level 2 of the Dungeon.
             The game lasted 00:02:04 (1992 turns).

Borgoz the Skirmisher (Minotaur Berserker)          Turns: 1992, Time: 00:02:04

Health: 0/41       AC:  4    Str: 22    XL:     4   Next: 5%
Magic:  3/3        EV: 12    Int:  4    God:    Trog [**....]
Gold:   61         SH:  0    Dex: 10    Spells: 3/3 levels left

rFire    + . .     SeeInvis .   a - +0 falchion
rCold    + . .     Faith    .   (no shield)
rNeg     . . .     Spirit   .   b - +0 animal skin
rPois    .         Reflect  .   (helmet restricted)
rElec    .         Harm     .   o - scarf {rC+ rF+}
rCorr    .         Rampage  .   d - +1 pair of gloves
Will     .....                  (no boots)
Stlth    +.........             (no amulet)
HPRegen  0.13/turn              (no ring)
MPRegen  0.08/turn              (no ring)

@: no status effects
A: horns 2, retaliatory headbutt
a: Renounce Religion, Berserk, Trog's Hand


You were on level 2 of the Dungeon.
You worshipped Trog.
Trog was pleased with you.
You visited 1 branch of the dungeon, and saw 3 of its levels.

You collected 61 gold pieces.

Inventory:

Hand Weapons
 a - a +0 falchion (weapon)
Armour
 b - a +0 animal skin (worn)
 d - a +1 pair of gloves (worn)
 o - a scarf of resistance (worn)
Scrolls
 c - a scroll of torment {unknown}
 g - a scroll of enchant weapon {unknown}
 h - a scroll of brand weapon {unknown}
 i - a scroll of immolation {unknown}
 j - a scroll of acquirement {unknown}
 l - a scroll of magic mapping {unknown}
 m - a scroll of summoning {unknown}
 p - a scroll of amnesia {unknown}
Potions
 e - a potion of haste {unknown}
 f - 2 potions of curing
 k - a potion of brilliance {unknown}
 n - a potion of cancellation {unknown}


   Skills:
 + Level 4.3 Fighting
 + Level 4.3 Long Blades
 + Level 3.3 Armour
 + Level 3.0 Dodging


You had 3 spell levels left.
You didn't know any spells.
Your spell library was empty.

Dungeon Overview and Level Annotations

Branches:
Dungeon (3/15)

Altars:

Shops:
D:2 :

Annotations:
D:3 Robin


Innate Abilities, Weirdness & Mutations

You have a pair of horns on your head.
You reflexively headbutt those who attack you in melee.


Message History

Things that are here:
a +0 club; a goblin corpse
There is a stone staircase leading down here.
You start resting.
HP restored.
You climb downwards.
Level annotation: Robin The goblin barely misses you.
The ogre hits you with a +0 giant club!!
Robin roars a battlecry!
The goblins go into a battle-frenzy!
The goblin closely misses you.
You riposte.
You hit the goblin. Your headbutt misses the goblin.
The goblin is moderately wounded.
The hobgoblin hits you but does no damage.
There is a stone staircase leading up, spattered with blood here.
The goblin barely misses you. You furiously retaliate!
You headbutt the goblin!
You kill the goblin!
Trog accepts your kill. The goblin hits you with a +0 club.
The goblin hits you but does no damage.
The goblin hits you with a +2 vampiric dagger!
* * * LOW HITPOINT WARNING * * *
The hobgoblin closely misses you. The ogre hits you with a +0 giant club.
* * * LOW HITPOINT WARNING * * *
You climb upwards.
There is a stone staircase leading down here.
Okay, then.
Okay, then.
It was a potion of curing.
You feel better. The goblin barely misses you.
The goblin hits you with a +0 club.
* * * LOW HITPOINT WARNING * * *
The hobgoblin barely misses you. You furiously retaliate!
You headbutt the hobgoblin!
You kill the hobgoblin!
Trog accepts your kill. The goblin barely misses you. You furiously retaliate!
You headbutt the goblin.
You kill the goblin!
Trog accepts your kill. The ogre hits you with a +0 giant club!
You die...

##### #....
############ ###.###
#....)@g...# #......
#....g†O...# #.#.###
#..........######.#.#
#..........+....#.#.#
#...<(.....####.#.#.###
#..........# #.#.#.##.
#..........# #.#.#.##.
#..........####.#.#....
#.............#.#.####.


You could see an ogre and 2 goblins.

Vanquished Creatures
  Jessica (D:2)
  3 ball pythons
  2 bats
  3 endoplasms (D:1)
  A giant cockroach (D:2)
  10 goblins
  4 hobgoblins
  7 jackals (D:1)
  A quokka (D:1)
  4 frilled lizards
  5 rats
41 creatures vanquished.

Notes
Turn   | Place    | Note
-------+----------+-------------------------------------------
     0 | D:1      | Borgoz the Minotaur Berserker began the quest for the Orb.
     0 | D:1      | Reached XP level 1. HP: 19/19 MP: 0/0
   324 | D:1      | Found a faded altar of an unknown god.
   331 | D:1      | Reached XP level 2. HP: 27/27 MP: 1/1
  1027 | D:2      | Reached XP level 3. HP: 33/33 MP: 2/2
  1048 | D:2      | Noticed Jessica
  1053 | D:2      | Killed Jessica
  1072 | D:2      | Found Unlagax's Book Emporium.
  1965 | D:3      | Noticed Robin
  1967 | D:3      | Noticed an ogre
  1970 | D:2      | Reached ** piety under Trog
  1971 | D:2      | Reached XP level 4. HP: 38/41 MP: 3/3
  1992 | D:2      | Slain by an ogre

Illustrated notes

Levels and vault maps discovered:
D:1:      lemuel_arrival_lava_pool, layout_basic,
          chequers_ecumenical_altar_simple_redux
D:2:      layout_basic, serial_shops, shop, uniq_jessica
D:3:      layout_rooms, uniq_robin, uniq_sigmund

Skill      XL: |  1  2  3 |
---------------+----------+-----
Fighting       | 4 |  4.3
Long Blades    | 4 |  4.3
Armour         | 3 |  3.3
Dodging        | 3 |  3.0

Action                   |  1- 3 |  4- 6 || total
-------------------------+-------+-------++-------
Melee: Falchion          |    58 |     1 ||    59
       Headbutt          |    10 |       ||    10
Invok: Berserk           |     1 |       ||     1
  Use: Potion            |       |     1 ||     1
 Stab: Sleeping          |     1 |       ||     1
Armor: Animal skin       |    22 |     2 ||    24
Dodge: Dodged            |    46 |     7 ||    53
       Rpst.: Falchion   |    15 |     1 ||    16
